 Dungeon Crawl Stone Soup version 0.25-a0-571-gb5e01bddfa (webtiles) character file.

Game seed: 12011845271306542772, levelgen mode: deterministic

203 ReteAZ the Insei (level 5, -3/43 HPs)
             Began as a Gnoll Gladiator on Feb 29, 2020.
             Killed from afar by an orc wizard (7 damage)
             ... with a magic dart
             ... on level 3 of the Dungeon.
             The game lasted 00:02:40 (2512 turns).

ReteAZ the Insei (Gnoll Gladiator)                  Turns: 2512, Time: 00:02:40

Health: -3/43      AC:  5    Str: 16    XL:     5   Next: 81%
Magic:  7/7        EV: 15    Int: 11    God:
Gold:   122        SH:  0    Dex: 17    Spells: 7/7 levels left

rFire    . . .     SeeInvis .     - Unarmed
rCold    . . .     Gourm    .   (no shield)
rNeg     . . .     Faith    .   a - +0 leather armour
rPois    .         Spirit   .   b - +0 helmet
rElec    .         Reflect  .   (no cloak)
rCorr    .         Harm     .   j - +0 pair of gloves
MR       .....                  (no boots)
Stlth    ++........             (no amulet)
HPRegen  0.14/turn              (no ring)
MPRegen  0.10/turn              (no ring)

@: drained
A: distributed training, fangs 1, strong nose
a: no special abilities


You were on level 3 of the Dungeon.
You were very hungry.

You visited 1 branch of the dungeon, and saw 3 of its levels.

You collected 122 gold pieces.

Inventory:

Missiles
 c - 3 throwing nets (quivered)
Armour
 a - a +0 leather armour (worn)
 b - a +0 helmet (worn)
 j - a +0 pair of gloves (worn)
Jewellery
 o - an uncursed ring of ice {unknown}
Scrolls
 f - a scroll of magic mapping {unknown}
 h - 3 scrolls of remove curse {unknown}
 k - 2 scrolls of enchant armour {unknown}
 l - 2 scrolls of amnesia {unknown}
 m - 2 scrolls of identify {unknown}
Potions
 e - 2 potions of curing {unknown}
 g - 2 potions of cancellation {unknown}
 i - a potion of resistance {unknown}
 n - a potion of invisibility {unknown}
 p - a potion of flight {unknown}
Comestibles
 d - 8 rations


   Skills:
 + Level 4.8(3.9) Fighting
 + Level 1.6(0.7) Short Blades
 + Level 1.6(0.7) Long Blades
 + Level 1.6(0.7) Axes
 + Level 1.6(0.7) Maces & Flails
 + Level 1.6(0.7) Polearms
 + Level 1.6(0.7) Staves
 + Level 1.6(0.7) Slings
 + Level 1.6(0.7) Bows
 + Level 1.6(0.7) Crossbows
 + Level 4.8(3.9) Throwing
 + Level 1.6(0.7) Armour
 + Level 6.7(5.7) Dodging
 + Level 1.6(0.7) Stealth
 + Level 1.6(0.7) Shields
 + Level 6.7(5.7) Unarmed Combat
 + Level 1.6(0.7) Spellcasting
 + Level 1.2(0.4) Conjurations
 + Level 1.2(0.4) Hexes
 + Level 1.2(0.4) Charms
 + Level 1.2(0.4) Summonings
 + Level 1.2(0.4) Necromancy
 + Level 1.2(0.4) Translocations
 + Level 1.2(0.4) Transmutations
 + Level 1.2(0.4) Fire Magic
 + Level 1.2(0.4) Ice Magic
 + Level 1.2(0.4) Air Magic
 + Level 1.2(0.4) Earth Magic
 + Level 1.2(0.4) Poison Magic
 + Level 1.8(0.9) Invocations
 + Level 1.6(0.7) Evocations


You had 7 spell levels left.
You didn't know any spells.
Your spell library contained the following spells:

 Spells                   Type           Power        Failure   Level  Hunger
 Magic Dart               Conj           #...         34%         1    ##.....
 Searing Ray              Conj           #.....       45%         2    ###....
 Dazzling Flash           Conj/Hex       #.....       71%         3    ####...
 Fulminant Prism          Conj/Hex       #.........   98%         4    #####..
 Iskenderun's Mystic Bla  Conj/Tloc      #.......     98%         4    #####..


Dungeon Overview and Level Annotations

Branches:
Dungeon (3/15)

Altars:
Sif Muna


Innate Abilities, Weirdness & Mutations

Your experience applies equally to all skills.
You have very sharp teeth.
Your uncanny sense of smell can sniff out nearby items.


Message History

You feel drained. Something hits you but does no damage.
You closely miss something.
You hear some strange, mumbled words.
A puff of flame appears from out of thin air!
The puff of flame hits you!
* * * LOW HITPOINT WARNING * * *
The wight barely misses you.
You hit something but do no damage. You punch something! Something hits you.
* * * LOW HITPOINT WARNING * * *
The wight closely misses you. Something hits you.
* * * LOW HITPOINT WARNING * * *
You miss something. Something hits you but does no damage.
The wight hits you from afar with a +6 spear.
* * * LOW HITPOINT WARNING * * *
You feel drained.
* * * LOW HITPOINT WARNING * * *
You hear some strange, mumbled words.
A magic dart appears from out of thin air!
The magic dart hits you!
You die...

## .# '#####
.....#######
.....##....#
.....##....#######
...........'o.z.@#
...........#######
...........#
..........z#
...........####
##########....#
#.##z####
#.......#
#.#.#z#.#


You could see a wight and an orc.

Vanquished Creatures
  2 wights (D:3)
  An iguana (D:2)
  An adder (D:2)
  4 worms
  2 dart slugs (D:1)
  2 leopard geckos
  3 orcs (D:3)
  5 giant cockroaches
  8 hobgoblins
  16 kobolds
  6 bats
  5 frilled lizards
  5 goblins
  9 rats
69 creatures vanquished.

Notes
Turn   | Place    | Note
-------+----------+-------------------------------------------
     0 | D:1      | ReteAZ the Gnoll Gladiator began the quest for the Orb.
     0 | D:1      | Reached XP level 1. HP: 20/20 MP: 1/1
   163 | D:1      | Reached XP level 2. HP: 26/26 MP: 2/2
   336 | D:1      | You fall into a shaft and drop 1 floor!
   674 | D:1      | Reached XP level 3. HP: 31/31 MP: 3/3
  1157 | D:2      | Reached skill level 1 in Invocations
  1350 | D:2      | Reached skill level 1 in Short Blades
  1350 | D:2      | Reached skill level 1 in Long Blades
  1350 | D:2      | Reached skill level 1 in Axes
  1350 | D:2      | Reached skill level 1 in Maces & Flails
  1350 | D:2      | Reached skill level 1 in Polearms
  1350 | D:2      | Reached skill level 1 in Staves
  1350 | D:2      | Reached skill level 1 in Slings
  1350 | D:2      | Reached skill level 1 in Bows
  1350 | D:2      | Reached skill level 1 in Crossbows
  1350 | D:2      | Reached skill level 1 in Armour
  1350 | D:2      | Reached skill level 1 in Stealth
  1350 | D:2      | Reached skill level 1 in Shields
  1350 | D:2      | Reached skill level 1 in Spellcasting
  1350 | D:2      | Reached skill level 1 in Evocations
  1366 | D:2      | Found a shimmering blue altar of Sif Muna.
  1555 | D:2      | Reached XP level 4. HP: 38/38 MP: 5/5
  1983 | D:3      | Reached skill level 1 in Conjurations
  1983 | D:3      | Reached skill level 1 in Hexes
  1983 | D:3      | Reached skill level 1 in Charms
  1983 | D:3      | Reached skill level 1 in Summonings
  1983 | D:3      | Reached skill level 1 in Necromancy
  1983 | D:3      | Reached skill level 1 in Translocations
  1983 | D:3      | Reached skill level 1 in Transmutations
  1983 | D:3      | Reached skill level 1 in Fire Magic
  1983 | D:3      | Reached skill level 1 in Ice Magic
  1983 | D:3      | Reached skill level 1 in Air Magic
  1983 | D:3      | Reached skill level 1 in Earth Magic
  1983 | D:3      | Reached skill level 1 in Poison Magic
  2415 | D:3      | Reached XP level 5. HP: 43/43 MP: 6/6
  2512 | D:3      | Killed from afar by an orc wizard

Levels and vault maps discovered:
D:1:      dpeg_arrival_water_fire, layout_basic
D:2:      layout_loops_corners, lemuel_blue_sif_altar, first_ration
D:3:      cheibrodos_thug_alley, layout_basic, glass_columns_b

Skill      XL: |  1  2  3  4 |
---------------+-------------+-----
Invocations    | 1 |  1.8
Short Blades   | 1 |  1.6
Long Blades    | 1 |  1.6
Axes           | 1 |  1.6
Maces & Flails | 1 |  1.6
Polearms       | 1 |  1.6
Staves         | 1 |  1.6
Slings         | 1 |  1.6
Bows           | 1 |  1.6
Crossbows      | 1 |  1.6
Armour         | 1 |  1.6
Stealth        | 1 |  1.6
Shields        | 1 |  1.6
Spellcasting   | 1 |  1.6
Evocations     | 1 |  1.6
Conjurations   | 1 |  1.2
Hexes          | 1 |  1.2
Charms         | 1 |  1.2
Summonings     | 1 |  1.2
Necromancy     | 1 |  1.2
Translocations | 1 |  1.2
Transmutations | 1 |  1.2
Fire Magic     | 1 |  1.2
Ice Magic      | 1 |  1.2
Air Magic      | 1 |  1.2
Earth Magic    | 1 |  1.2
Poison Magic   | 1 |  1.2
Fighting       | |  4.8
Throwing       | |  4.8
Dodging        | |  6.7
Unarmed Combat | |  6.7

Action                   |  1- 3 |  4- 6 || total
-------------------------+-------+-------++-------
Melee: Unarmed           |    76 |   106 ||   182
       Bite              |     7 |    11 ||    18
       Punch             |     1 |     3 ||     4
 Stab: Distracted        |     2 |     2 ||     4
       Sleeping          |     2 |     1 ||     3
  Eat: Chunk             |     2 |     2 ||     4
Armor: Leather armour    |    14 |    20 ||    34
Dodge: Dodged            |    47 |    79 ||   126

Table legend:
 A = Non-vault XP
 B = Vault XP
 C = Vault XP percentage of total XP
 D = Non-vault monster count
 E = Vault monster count
 F = Vault count percentage of total count
                 A         B        C        D         E       F
            +---------+---------+-------+---------+---------+-------
      Total |     281 |       9 |   3.1 |      62 |       7 |  10.1
            +---------+---------+-------+---------+---------+-------
        D:1 |      41 |       0 |   0.0 |      23 |       0 |   0.0
        D:2 |      85 |       0 |   0.0 |      22 |       0 |   0.0
        D:3 |     155 |       9 |   5.5 |      17 |       7 |  29.2
            +---------+---------+-------+---------+---------+-------
